 Dungeon Crawl Stone Soup version 0.29-a0-824-gd827844252 (webtiles) character file.

Game seed: 3105728210524450860

18 coolguy69 the Trooper (level 2, 0/16 HPs)
             Began as a Vine Stalker Berserker on July 10, 2022.
             Was a Follower of Trog.
             Slain by a ball python (2 damage)
             ... on level 1 of the Dungeon.
             The game lasted 00:00:46 (299 turns).

coolguy69 the Trooper (Vine Stalker Berserker)       Turns: 299, Time: 00:00:46

Health: 0/16       AC:  2    Str: 19    XL:     2   Next: 66%
Magic:  0/3        EV: 12    Int:  7    God:    Trog [*.....]
Gold:   0          SH:  0    Dex: 13    Spells: 1/1 levels left

rFire   . . .      SeeInvis .   a - +0 short sword
rCold   . . .      Faith    .   (no shield)
rNeg    . . .      Spirit   +   b - +0 animal skin
rPois   .          Reflect  .   (no helmet)
rElec   .          Harm     .   (no cloak)
rCorr   .          Rampage  .   (no gloves)
Will    .....                   (no boots)
Stlth   +.........              (no amulet)
HPRegen 0.05/turn               (no ring)
MPRegen 0.08/turn               (no ring)

@: on berserk cooldown, slowed, very slow
A: fangs 2, magic shield, antimagic bite, no potion heal 2
a: Renounce Religion, Berserk


You were on level 1 of the Dungeon.
You worshipped Trog.
Trog was aware of your devotion.
You visited 1 branch of the dungeon, and saw 1 of its levels.

Inventory:

Hand Weapons
 a - a +0 short sword (weapon)
Armour
 b - a +0 animal skin (worn)
Scrolls
 e - a scroll of blinking {unknown}
Potions
 c - a potion of flight {unknown}
 d - a potion of lignification {unknown}


   Skills:
 + Level 3.0 Fighting
 + Level 2.9 Short Blades
 + Level 1.7 Armour
 + Level 1.9 Dodging


You had one spell level left.
You didn't know any spells.
Your spell library was empty.

Dungeon Overview and Level Annotations

Branches:
Dungeon (1/15)

Altars:


Innate Abilities, Weirdness & Mutations

You have extremely sharp teeth.
When hurt, damage is shared between your health and your magic reserves.
Your bite disrupts and absorbs the magic of your enemies.
Potions cannot restore your health.


Message History

a +0 short sword; a +0 dagger A bat comes into view.
The hobgoblin shouts!
A ball python comes into view.
Found a mace.
The ball python hisses angrily.
You hit the hobgoblin.
The hobgoblin is severely wounded.
The hobgoblin barely misses you. The hobgoblin closely misses you.
You are too injured to fight recklessly!
You are too injured to fight recklessly!
You are too injured to fight recklessly!
You hit the hobgoblin.
You kill the hobgoblin!
Trog accepts your kill. The bat hits you. The bat hits you but does no damage.
The bat barely misses you. The bat closely misses you.
The ball python bites you. The ball python completely misses you.
The bat hits you but does no damage. The ball python barely misses you.
The ball python closely misses you.
Things that are here:
a fizzy ruby potion; a hobgoblin corpse You closely miss the ball python.
The bat hits you but does no damage. The ball python closely misses you.
The ball python grabs you. The ball python constricts you.
You hit the ball python but do no damage.
You bite the ball python. You drain its power.
The ball python is severely wounded.
The bat hits you but does no damage.
The ball python bites you but does no damage.
The ball python constricts you.
* * * LOW HITPOINT WARNING * * *
The ball python bites you.
* * * LOW HITPOINT WARNING * * *
The ball python constricts you.
You escape the ball python's grasp.
The bat attacks as you move away! The bat hits you but does no damage.
The bat hits you. The bat hits you but does no damage.
The bat hits you but does no damage. The ball python bites you.
You die...

#..####.# #.......#
#.....### #.....#
#..#.## # #..#..## .#
#......# #####.#
#..#..#######.....#..##
#..#)†)......@S!b......
#. #.(...####.#........
#. ####..P...♣........#
# #P≈≈≈≈≈≈♣P.......
....≈.≈♣≈≈P...)..
#♣≈.≈≈≈≈≈≈≈≈P.....
PP≈≈≈≈≈≈♣≈≈......
...≈≈.≈≈≈≈≈P.....


You could see a bat and a ball python.

Vanquished Creatures
  An endoplasm (D:1)
  2 goblins (D:1)
  4 hobgoblins (D:1)
  A kobold (D:1)
  A quokka (D:1)
  3 ball pythons (D:1)
  A bat (D:1)
  A frilled lizard (D:1)
  2 rats (D:1)
16 creatures vanquished.

Notes
Turn   | Place    | Note
-------+----------+-------------------------------------------
     0 | D:1      | coolguy69 the Vine Stalker Berserker began the quest for
                  | the Orb.
     0 | D:1      | Reached XP level 1. HP: 11/11 MP: 2/2
   249 | D:1      | Reached XP level 2. HP: 12/16 MP: 3/3
   251 | D:1      | Reached skill level 3 in Fighting
   299 | D:1      | Slain by a ball python

Illustrated notes

Levels and vault maps discovered:
D:1:      denvon_arrival_waterhouse, layout_loops_ring, serial_bayou_pond_b

Skill      XL: |  1  2 |
---------------+-------+-----
Fighting       | 3 |  3.0
Short Blades   | |  2.9
Armour         | |  1.7
Dodging        | |  1.9

Action                   || total
-------------------------++-------
Melee: Short sword       ||    34
       Bite              ||     7
       Punch             ||     1
Invok: Berserk           ||     1
Armor: Animal skin       ||    11
Dodge: Dodged            ||    28

Table legend: (Time is in decaauts)
 A = Elapsed time spent in this place.
 B = Non-inter-level travel time spent in this place.
 C = Inter-level travel time spent in this place.
 D = Time resting spent in this place.
 E = Time spent auto-exploring this place.
 F = Levels seen in this place.
 G = Mean time per level.
                   A        B        C        D        E       F      G
               +--------+--------+--------+--------+--------+-----+--------+
         Total |    306 |    306 |      0 |      0 |    227 |   1 |  306.0 |
       Dungeon |    306 |    306 |      0 |      0 |    227 |   1 |  306.0 |
               +--------+--------+--------+--------+--------+-----+--------+

Top non-repeatable levels by time:
     D:1: 306 daAuts
